 Dungeon Crawl Stone Soup version 0.22-a0-553-g9358b0b (webtiles) character file.

2 inc the Caller (level 1, 0/11 HPs)
             Began as an Octopode Summoner on June 25, 2018.
             Slain by an ooze (3 damage)
             ... on level 1 of the Dungeon.
             The game lasted 00:01:23 (80 turns).

inc the Caller (Octopode Summoner)                    Turns: 80, Time: 00:01:24

Health: 0/11       AC:  1    Str:  7    XL:     1   Next: 30%
Magic:  2/3        EV: 13    Int: 17    God:
Gold:   0          SH:  0    Dex: 12    Spells: 3/4 levels left

rFire    . . .     SeeInvis .   d - +0 dagger
rCold    . . .     Gourm    .   (no shield)
rNeg     . . .     Faith    .   (helmet restricted)
rPois    .         Spirit   .   (no amulet)
rElec    .         Reflect  .   (no ring)
rCorr    .         Harm     .   (no ring)
MR       .....                  (no ring)
Stlth    +++.......             (no ring)
HPRegen  0.03/turn              (no ring)
MPRegen  0.08/turn              (no ring)
                                (no ring)
                                (no ring)

@: no status effects
A: almost no armour, stealthy swim, amphibious, 8 rings, constrict 8, camouflage
1, gelatinous body 1
a: no special abilities


You were on level 1 of the Dungeon.
You were not hungry.

You visited 1 branch of the dungeon, and saw 1 of its levels.

Inventory:

Hand Weapons
 d - a +0 dagger (weapon)
Scrolls
 c - a scroll of teleportation {unknown}
Potions
 a - 2 potions of flight {unknown}
Comestibles
 b - a ration


   Skills:
 - Level 2.0 Dodging
 - Level 2.6 Stealth
 - Level 2.0 Spellcasting
 + Level 4.1 Summonings


You had 3 spell levels left.
You knew the following spells:

 Your Spells              Type           Power        Failure   Level  Hunger
a - Summon Small Mammal   Summ           ###.         3%          1    #......

Your spell library contained the following spells:

 Spells                   Type           Power        Failure   Level  Hunger
 Summon Ice Beast         Ice/Summ       #.......     63%         4    #####..
 Call Imp                 Summ           ###.....     5%          2    ###....
 Call Canine Familiar     Summ           ###.....     11%         3    ###....
 Summon Lightning Spire   Summ/Air       #.......     63%         4    #####..
 Summon Guardian Golem    Hex/Summ       #.......     26%         3    ###....


Dungeon Overview and Level Annotations

Branches:
Dungeon (1/15)

Altars:


Innate Abilities, Weirdness & Mutations

You cannot wear most types of armour.
You are very stealthy in the water. (Stealth+)
You are amphibious.
You can wear up to eight rings at the same time.
You can use your tentacles to constrict eight enemies at once.
Your skin changes colour to match your surroundings (Stealth+).
Your rubbery body absorbs attacks. (AC +1, EV +1)


Message History

Wield which item (- for none, * to show all)? (? for menu, Esc to quit)
Okay, then.
Wield which item (- for none, * to show all)? (? for menu, Esc to quit)
d - a +0 dagger (weapon)
Casting: Summon Small Mammal (safe; 3% risk of failure)
Confirm with . or Enter, or press ? or * to list all spells.
Unknown command.
You start resting.
An ooze comes into view.
An ooze is nearby!
You swap places.
The ooze hits your quokka.
Your quokka dies!
Your quokka's corpse disappears in a puff of smoke!
You see here a kobold corpse.
The ooze hits you but does no damage.
Casting: Summon Small Mammal (safe; 3% risk of failure)
Confirm with . or Enter, or press ? or * to list all spells.
The ooze hits you.
You die...

####.# #####.# #.....#
#.##### #######.# #.#
#.....#.# #.# #.....#.#
#.# #...r...###. #.#
#........... #.#
#...@..####
#.###########J#.....##.#
#...........#.#........#
###########.#.#†....####
######.#.#.....#
................#
.######.#..#.!###
#.#..#..... #.#.....####


You could see an ooze and a friendly quokka.

Vanquished Creatures
  A hobgoblin (D:1)
  A kobold (D:1)
2 creatures vanquished.

Notes
Turn   | Place    | Note
-------+----------+-------------------------------------------
     0 | D:1      | inc the Octopode Summoner began the quest for the Orb.
     0 | D:1      | Reached XP level 1. HP: 11/11 MP: 3/3
    80 | D:1      | Slain by an ooze

Vault maps used:
D:1:      dpeg_arrival_leaves_temple_mockup

Action                   || total
-------------------------++-------
Melee: Unarmed           ||     9
       Constrict         ||     2
       Tentacles         ||     1
 Cast: Summon Small Mamm ||     2
 Stab: Sleeping          ||     1
Armor: Skin              ||     1
Dodge: Dodged            ||     1

Table legend:
 A = Spawn XP
 B = Non-spawn XP
 C = Spawn XP percentage of total XP
 D = Spawn monster count
 E = Non-spawn monster count
 F = Spawn count percentage of total count
 G = Total turns spent on level
                    A         B        C        D         E        F      G
               +---------+---------+-------+---------+---------+-------+---------
         Total |       0 |       3 |   0.0 |       0 |       2 |   0.0 |    80
               +---------+---------+-------+---------+---------+-------+---------
           D:1 |       0 |       3 |   0.0 |       0 |       2 |   0.0 |    80
               +---------+---------+-------+---------+---------+-------+---------
